 Dungeon Crawl Stone Soup version 0.29.1-4-g47bece8355 (webtiles) character file.

Game seed: 1121264299348799229

24136 GorkyZ the Fighter (level 13, 0/80 HPs)
             Began as a Gargoyle Gladiator on Dec 6, 2022.
             Was an Initiate of Gozag.
             Slain by a black mamba (4 damage)
             ... led by a naga ritualist
             ... on level 1 of the Snake Pit.
             The game lasted 01:00:11 (15213 turns).

GorkyZ the Fighter (Gargoyle Gladiator)            Turns: 15213, Time: 01:00:12

Health: 0/80       AC: 22    Str: 26    XL:     13   Next: 11%
Magic:  13/13      EV: 11    Int:  9    God:    Gozag
Gold:   1236       SH:  0    Dex: 11    Spells: 12/12 levels left

rFire   . . .      SeeInvis +   N - +8 morningstar of Okawaru's Envy {drain, SInv}
rCold   . . .      Faith    .   (no shield)
rNeg    + . .      Spirit   .   D - +0 troll leather armour
rPois   ∞          Reflect  .   c - +0 helmet
rElec   +          Harm     .   u - +0 cloak
rCorr   .          Rampage  .   t - +2 pair of gloves of Jimpaenn {Regen+ Str+3}
Will    .....                   j - +0 pair of boots
Stlth   +.........              (no amulet)
HPRegen 1.83/turn               (no ring)
MPRegen 0.13/turn               (no ring)

@: constricted
A: sickness immunity, AC +9, negative energy resistance 1, electricity
resistance, torment resistance 1, petrification resistance
a: Renounce Religion, Potion Petition, Call Merchant, Bribe Branch


You were on level 1 of the Snake Pit.
You worshipped Gozag.
Gozag was most pleased with you.
You visited 4 branches of the dungeon, and saw 15 of its levels.

You collected 2462 gold pieces.
You spent 413 gold pieces at shops.
You paid 813 gold pieces to Gozag.

Inventory:

Hand Weapons
 a - a +0 quarterstaff
 G - a +3 whip
 J - a +5 flail
 K - a +2 battleaxe
 N - the +8 morningstar of Okawaru's Envy (weapon) {drain, SInv}
   (You bought it in a shop on level 9 of the Dungeon)

   A truly terrible weapon, it drains the life of any living foe it strikes.
   SInv:      It lets you see invisible.
 Z - a +4 vorpal halberd
Missiles
 d - 2 throwing nets
 e - 8 javelins
 k - 4 boomerangs of dispersal
 y - 33 poisoned darts
 A - 5 boomerangs
 R - a curare-tipped dart
Armour
 c - a +0 helmet (worn)
 j - a +0 pair of boots (worn)
 t - the +2 pair of gloves of Jimpaenn (worn) {Regen+ Str+3}
   (You acquired it on level 6 of the Dungeon)

   Str:       It affects your strength (+3).
   Regen:     It increases your rate of health regeneration.
 u - a +0 cloak (worn)
 D - a +0 troll leather armour (worn)
 X - a +2 robe of cold resistance
Jewellery
 E - a ring of wizardry
 T - a ring of resist corrosion
Wands
 p - a wand of flame (31) (quivered)
 B - a wand of paralysis (8)
 I - a wand of iceblast (8)
 P - a wand of light (7)
 S - a wand of mindburst (3)
 Y - a wand of polymorph (3)
Scrolls
 g - 4 scrolls of amnesia
 o - a scroll of fog
 q - 4 scrolls of immolation
 x - a scroll of magic mapping
 M - 2 scrolls of enchant armour
 O - 2 scrolls of poison {unknown}
 U - 4 scrolls of brand weapon
 W - a scroll of enchant weapon {unknown}
Potions
 h - 5 potions of flight
 l - 11 potions of curing
 m - a potion of lignification
 n - a potion of magic
 r - 2 potions of resistance
 z - 2 potions of mutation
 F - 3 potions of attraction
 H - a potion of ambrosia
 Q - a potion of might
Miscellaneous
 V - a lightning rod (4/4)


   Skills:
 + Level 8.9 Fighting
 - Level 3.4(6.5) Axes
 - Level 8.0(9.1) Maces & Flails
 * Level 4.5(5.9) Polearms
 - Level 5.0(7.9) Staves
 + Level 7.4 Throwing
 + Level 8.3 Armour
 + Level 6.9 Dodging
 + Level 8.2 Shields
 + Level 7.0 Evocations


You had 12 spell levels left.
You didn't know any spells.
Your spell library contained the following spells:

 Spells                   Type           Power      Damage    Failure   Level
 Apportation              Tloc           0%         N/A       41%         1
 Necrotise                Necr           0%         1d4       41%         1
 Shock                    Conj/Air       0%         1d3       41%         1
 Summon Small Mammal      Summ           0%         N/A       41%         1
 Blink                    Tloc           0%         N/A       56%         2
 Ensorcelled Hibernation  Hex/Ice        0%         N/A       56%         2
 Call Canine Familiar     Summ           0%         N/A       80%         3
 Dazzling Flash           Conj/Hex       0%         N/A       80%         3
 Gell's Gravitas          Tloc           0%         N/A       80%         3
 Lesser Beckoning         Tloc           0%         N/A       80%         3
 Spider Form              Tmut/Pois      0%         N/A       80%         3
 Summon Guardian Golem    Hex/Summ       0%         N/A       80%         3
 Swiftness                Air            0%         N/A       80%         3
 Teleport Other           Tloc           0%         N/A       80%         3
 Tukima's Dance           Hex            0%         N/A       80%         3
 Airstrike                Air            0%         2d(0-16)  99%         4
 Anguish                  Hex/Necr       0%         N/A       99%         4
 Passage of Golubria      Tloc           0%         N/A       99%         4
 Agony                    Necr           0%         N/A       100%        5
 Alistair's Intoxication  Tmut/Pois      0%         N/A       100%        5
 Borgnjor's Vile Clutch   Necr/Erth      0%         N/A       100%        5
 Manifold Assault         Tloc           0%         N/A       100%        5
 Silence                  Hex/Air        0%         N/A       100%        5
 Yara's Violent Unravell  Hex/Tmut       0%         3d3       100%        5
 Eringya's Noxious Bog    Tmut/Pois      0%         N/A       100%        6


Dungeon Overview and Level Annotations

Branches:
Dungeon (11/15)            Temple (1/1) D:7            Lair (2/5) D:9
  Snake (1/4) Lair:2          Orc (0/2) D:9
  Swamp: Lair:2-3    Shoals: Lair:2-3

Altars:
Ashenzari
Dithmenos
Elyvilon
Fedhas
Gozag
Hepliaklqana
Kikubaaqudgha
Makhleb
Nemelex Xobeh
Okawaru
Qazlal
Ru
Sif Muna
Trog
Uskayaw
Vehumet
Xom
Yredelemnul
Zin
The Shining One

Shops:
D:2 !   D:5 (   D:9 (   D:10 *

Annotations:
D:5 2 transporters, ymhsbmbesitwf's ghost, novice HOFi
Temple 2 transporters
Snake:1 exclusion: orange crystal statue


Innate Abilities, Weirdness & Mutations

You are immune to sickness and miasma.
Your stone body is resilient. (AC +9)
You are immune to poison.
You resist negative energy. (rN+)
You are resistant to electric shocks. (rElec)
You are resistant to unholy torment.
You are immune to petrification.


Message History

The black mamba attacks as you move away!
The black mamba completely misses you. The black mamba barely misses you.
The black mamba bites you!
The black mamba bites you but does no damage.
The black mamba attacks as you move away!
The black mamba closely misses you. The black mamba barely misses you. x2
The black mamba bites you but does no damage.
The black mamba attacks as you move away!
The black mamba bites you but does no damage.
The black mamba closely misses you. The black mamba barely misses you.
The anaconda attacks as you move away! The anaconda closely misses you.
The anaconda bites you but does no damage.
The black mamba attacks as you move away!
The black mamba bites you but does no damage.
The anaconda attacks as you move away! The anaconda barely misses you. x2
The anaconda grabs you.
The anaconda bites you but does no damage.
The anaconda constricts you. The black mamba bites you.
The anaconda's grasp on you weakens, but your attempt to escape fails.
The anaconda bites you but does no damage.
The anaconda constricts you. The anaconda barely misses you.
The anaconda constricts you.
The anaconda's grasp on you weakens, but your attempt to escape fails.
The black mamba completely misses you.
The black mamba bites you but does no damage.
The anaconda bites you. The anaconda constricts you. The black mamba bites you.
The black mamba bites you!
* * * LOW HITPOINT WARNING * * *
You impale the anaconda!!
The anaconda is heavily wounded.
The anaconda bites you!
* * * LOW HITPOINT WARNING * * *
The anaconda constricts you.
* * * LOW HITPOINT WARNING * * *
The black mamba bites you but does no damage. x2
The black mamba bites you.
You die...
Your body crumbles into a pile of gold.

...###...##..#...###..####.#...
#.......# ##.#.#.#....#.....)..
#...♣..N# #.###..)...###.##...
#.......# ###........#....#...
#.♣...♣.# #####....#.#..####
#.......# #...####.#.#..# #
#...♣...# #........###..#
##.......### ##...###.##....#
##...###....###S@.....(....###
#...## ##..S..#SSS.........#
#...### ##..♣....#...(.....####
..N##.######[.#......(P.....#.###
...#....## #.##............##...#
..##.....# #)##............#.....
..#......###..#............#.....
>.#.......#...#.#..###....#####.#
..#...#.####..#.#..#.######.#...#


You could see an anaconda and 3 black mambas.

Vanquished Creatures
  Harold (D:10)
  A boulder beetle (D:11)
  A hydra (Lair:2)
  A two-headed ogre (D:8)
  3 anacondas (Snake:1)
  A death yak (Lair:2)
  Urug (D:11)
  A shock serpent (Snake:1)
  A naga ritualist (Snake:1)
  A mana viper (Snake:1)
  4 black mambas (Snake:1)
  2 cane toads
  A torpor snail (Lair:2)
  Psyche (D:10)
  2 unseen horror zombies (D:9)
  Maggie (D:7)
  3 komodo dragons
  An unseen horror (D:11)
  2 hornets
  2 polar bears (Lair:2)
  5 blink frogs (Lair:1)
  A shadow (D:11)
  4 wyverns
  22 yaks
  2 basilisks
  2 vampire mosquitoes (D:11)
  A steam dragon (D:8)
  Menkaure (D:7)
  5 nagas (Snake:1)
  3 water moccasins
  An ice beast (D:5)
  2 sky beasts
  3 orc warriors
  4 black bears
  4 ogres
  2 centaurs
  A phantom (D:5)
  8 wolves
  11 bullfrogs
  4 kobold brigands
  A necrophage (D:6)
  4 scorpions
  A wyvern zombie (D:9)
  5 wights (D:8)
  17 killer bees
  7 howler monkeys
  2 electric eels (Lair:1)
  A spectral centaur (D:9)
  A centaur zombie (D:9)
  6 hounds
  3 jellies
  3 gnoll boudas
  2 orc priests
  3 iguanas (D:7)
  Ijyb (D:4)
  9 orc wizards
  18 gnolls
  6 adders
  2 shadow imps
  2 white imps
  5 worms
  3 dart slugs
  18 orcs
  5 ball pythons
  3 bats
  6 endoplasms
  8 goblins
  6 hobgoblins
  5 jackals
  24 kobolds
  2 frilled lizards (D:3)
  13 rats
309 creatures vanquished.

Vanquished Creatures (others)
  23 fungi
  17 plants
40 creatures vanquished.

Grand Total: 349 creatures vanquished

Notes
Turn   | Place    | Note
-------+----------+-------------------------------------------
     0 | D:1      | GorkyZ the Gargoyle Gladiator began the quest for the Orb.
     0 | D:1      | Reached XP level 1. HP: 12/12 MP: 1/1
    59 | D:1      | Reached XP level 2. HP: 5/17 MP: 2/2
   495 | D:1      | Found a faded altar of an unknown god.
   499 | D:1      | Reached XP level 3. HP: 22/22 MP: 3/3
  1055 | D:2      | Reached skill level 1 in Armour
  1062 | D:2      | Found Wuzok's Distillery.
  1069 | D:2      | Bought a potion of degeneration for 11 gold pieces
  1105 | D:2      | Reached skill level 1 in Axes
  1134 | D:2      | Reached XP level 4. HP: 17/27 MP: 4/4
  1473 | D:2      | Reached skill level 1 in Shields
  1951 | D:3      | Found a radiant altar of Vehumet.
  2169 | D:3      | Reached skill level 1 in Evocations
  2363 | D:3      | Reached XP level 5. HP: 30/32 MP: 5/5
  2547 | D:3      | Found a bloodstained altar of Trog.
  2664 | D:3      | Found a basalt altar of Yredelemnul.
  3180 | D:4      | Found a white marble altar of Elyvilon.
  3300 | D:4      | Noticed Ijyb
  3311 | D:4      | Killed Ijyb
  3322 | D:4      | Noticed an ogre
  3324 | D:4      | Noticed a black bear
  3892 | D:4      | Reached XP level 6. HP: 30/37 MP: 6/6
  4287 | D:4      | Found a broken altar of Ashenzari.
  4319 | D:4      | Killed a black bear
  4320 | D:4      | Reached XP level 7. HP: 30/41 MP: 7/7
  4658 | D:5      | Entered Level 5 of the Dungeon
  5014 | D:5      | Found a transporter.
  5035 | D:5      | Noticed ymhsbmbesitwf's ghost (novice HOFi)
  5197 | D:5      | Found Astyutue's Hydra Hut.
  5199 | D:5      | Noticed a five-headed hydra
  5299 | D:5      | Found a transporter.
  5411 | D:5      | Identified the +3 buckler of the Monkey {rCorr Dex+4}
  5501 | D:6      | Identified a scroll of acquirement
  5501 | D:6      | Acquired the +2 pair of gloves of Jimpaenn {Regen+ Str+3}
  5536 | D:6      | Reached XP level 8. HP: 47/48 MP: 8/8
  6312 | D:7      | Noticed Maggie
  6347 | D:7      | Killed Maggie
  6348 | D:7      | Reached skill level 5 in Staves
  6348 | D:7      | Reached XP level 9. HP: 52/53 MP: 9/9
  6421 | D:7      | Found a staircase to the Ecumenical Temple.
  6429 | Temple   | Entered the Ecumenical Temple
  6429 | Temple   | Found a transporter.
  6429 | Temple   | Found a transporter.
  6431 | Temple   | Found a transporter.
  6431 | Temple   | Found a transporter.
  6443 | Temple   | Became a worshipper of Gozag Ym Sagoz the Greedy
  6880 | D:7      | Reached skill level 5 in Fighting
  7015 | D:7      | Reached skill level 1 in Polearms
  7042 | D:7      | Noticed Menkaure
  7049 | D:7      | Killed Menkaure
  8049 | D:8      | Found a glowing silver altar of Zin.
  8123 | D:8      | Noticed a two-headed ogre
  8138 | D:8      | Killed a two-headed ogre
  8139 | D:8      | Reached skill level 5 in Armour
  8139 | D:8      | Reached XP level 10. HP: 28/60 MP: 10/10
  8209 | D:8      | Reached skill level 5 in Shields
  8498 | D:8      | Reached skill level 5 in Throwing
  8595 | D:8      | Reached skill level 5 in Dodging
  8846 | D:8      | Found a sacrificial altar of Ru.
  8875 | D:8      | Found a shadowy altar of Dithmenos.
  9214 | D:9      | Found Tinuumiu's Antique Weapon Shoppe.
  9220 | D:9      | Bought a bloodstained morningstar for 279 gold pieces
  9220 | D:9      | Identified the +8 morningstar of Okawaru's Envy {drain,
                  | SInv} (You bought it in a shop on level 9 of the Dungeon)
  9443 | D:9      | Reached skill level 1 in Maces & Flails
  9674 | D:9      | Found a staircase to the Orcish Mines.
  9719 | D:9      | Reached skill level 5 in Evocations
  9923 | D:9      | Reached XP level 11. HP: 66/66 MP: 11/11
  9991 | D:9      | Found a staircase to the Lair.
 10346 | D:10     | Entered Level 10 of the Dungeon
 10346 | D:10     | Noticed Harold
 10350 | D:10     | Noticed Psyche
 10681 | D:10     | Killed Psyche
 10771 | D:10     | Killed Harold
 10869 | D:10     | Found a blossoming altar of Fedhas.
 11232 | D:10     | Bought a wand of polymorph (3) for 63 gold pieces
 11232 | D:10     | Bought a potion of might for 60 gold pieces
 11260 | D:11     | Noticed a boulder beetle
 11349 | D:11     | Killed a boulder beetle
 11607 | D:11     | Noticed Urug
 11623 | D:11     | Killed Urug
 11624 | D:11     | Reached skill level 5 in Maces & Flails
 11761 | D:11     | Identified the +1 scale mail of Taebbith {rPois}
 12184 | Lair:1   | Entered Level 1 of the Lair of Beasts
 12601 | Lair:1   | Reached XP level 12. HP: 59/73 MP: 12/12
 13422 | Lair:2   | Noticed Amaemon
 13602 | Lair:2   | Found a dark tunnel.
 13733 | Lair:2   | Found a staircase to the Snake Pit.
 14043 | Lair:2   | Noticed a death yak
 14060 | Lair:2   | Killed a death yak
 14137 | Lair:2   | Noticed an eight-headed hydra
 14142 | Lair:2   | Killed an eight-headed hydra
 14350 | Snake:1  | Entered Level 1 of the Snake Pit
 14381 | Snake:1  | Noticed a shock serpent
 14395 | Snake:1  | Killed a shock serpent
 14509 | Snake:1  | Noticed an anaconda
 14519 | Snake:1  | Killed an anaconda
 14853 | Snake:1  | Noticed an anaconda
 14863 | Snake:1  | Killed an anaconda
 14873 | Snake:1  | Reached XP level 13. HP: 36/80 MP: 3/13
 15213 | Snake:1  | HP: 4/80 [constriction[a naga ritualist] (2)]
 15213 | Snake:1  | Slain by a black mamba

Illustrated notes

Levels and vault maps discovered:
D:1:      psy_arrival_whirlpool, layout_basic,
          dreamdust_ecumenical_altar_statues, serial_bayou_ford_a, st_stairs_7
D:2:      layout_loops_ring, serial_shops, nicolae_shop_crystal
D:3:      layout_basic, old_standard_altar,
          mainiacjoe_overflow_concentric_impassable, lightli_temple_of_fire,
          minmay_misc_feat_roman, chequers_serial_rivers_large_b
D:4:      layout_cave_pods, mainiacjoe_overflow_chevrons, lemuel_tele_altar,
          uniq_ijyb
D:5:      layout_cave_pools, gammafunk_ghost_gnarly_gnolls,
          nicolae_zen_rock_garden, minmay_misc_feat_five, doesnt_shop_hydraphobe
D:6:      layout_gridville, minmay_crossroads
D:7:      nicolae_cairo_tiling_large, layout_basic,
          minmay_temple_entry_enclosed_plants, grunt_tough_drop, uniq_menkaure,
          uniq_maggie
D:8:      layout_loops_corners, nicolae_overflow_crystal_walls,
          mainiacjoe_overflow_two_lobes
D:9:      layout_basic, grunt_lair_entry_orc_guard_hut, orc_0_dummy,
          serial_shops, nicolae_diamond_shop, hangedman_weighted_door,
          hangedman_decor_slide_cut
D:10:     layout_cave_pools, mainiacjoe_overflow_paths,
          chequers_serial_rivers_marsh, uniq_harold, uniq_psyche
D:11:     layout_small_grid, serial_glass, glass_columns_a, glass_columns_a,
          uniq_urug
Temple:   hellmonk_temple_divided_pantheon
Lair:1:   statuecave_lemuel, layout_cave_pods, nicolae_lair_lil_pond
Lair:2:   layout_regular_city, dummy_snake_entry, enter_volcano_2, minmay_holes,
          uniq_amaemon
Snake:1:  layout_honeycomb, dpeg_stationary_puzzle, grunt_megastairs_4,
          lemuel_fruit_tree, serial_bayou_shore_b

Skill      XL: |  1  2  3  4  5  6  7  8  9 10 11 12 13 |
---------------+----------------------------------------+-----
Throwing       | 2 3 4 5 6 7 |  7.4
Armour         | 1 2 3 4 5 6 7 8 |  8.3
Axes           | 1 2 3 |  3.4
Shields        | 1 2 3 4 6 7 8 |  8.2
Evocations     | 1 2 3 4 5 6 7 |  7.0
Fighting       | 3 4 5 6 7 8 |  8.9
Dodging        | 3 4 5 6 |  6.9
Staves         | 4 5 |  5.0
Polearms       | 3 4 |  4.5
Maces & Flails | 3 5 7 8 |  8.0

Action                   |  1- 3 |  4- 6 |  7- 9 | 10-12 | 13-15 || total
-------------------------+-------+-------+-------+-------+-------++-------
Melee: Quarterstaff      |   110 |   167 |   175 |       |       ||   452
       Halberd           |       |       |   157 |   105 |    25 ||   287
       Morningstar       |       |       |       |   499 |    14 ||   513
       Punch             |       |       |       |     5 |       ||     5
       Unarmed           |       |       |       |     2 |       ||     2
Throw: Throwing net      |       |     1 |       |     1 |       ||     2
       Dart              |       |     3 |    32 |    34 |       ||    69
Invok: Call Merchant     |       |       |       |     1 |       ||     1
Evoke: Wand              |       |     4 |       |     2 |       ||     6
  Use: Scroll            |     3 |     6 |     5 |     9 |     1 ||    24
       Potion            |       |     3 |       |     8 |     1 ||    12
 Stab: Distracted        |       |       |       |     1 |     1 ||     2
       Held in net/web   |       |       |       |     1 |       ||     1
Armor: Leather armour    |    33 |    31 |       |       |       ||    64
       Ring mail         |       |    43 |   124 |       |       ||   167
       Troll leather arm |       |       |   123 |   342 |    70 ||   535
       Robe              |       |       |       |    81 |       ||    81
       Skin              |       |       |       |     2 |       ||     2
Dodge: Dodged            |    67 |   114 |   257 |   546 |    59 ||  1043
